 Dungeon Crawl Stone Soup version 0.17-a0-1831-gaadb308 (webtiles) character file.

1234 akame the Covered (level 8, -4/67 HPs)
             Began as a Ghoul Gladiator on Sept 14, 2015.
             Was a Follower of Kikubaaqudgha.
             Killed from afar by an orc wizard (5 damage)
             ... with a magic dart
             ... on level 5 of the Dungeon.
             The game lasted 00:30:00 (5656 turns).

akame the Covered (Ghoul Gladiator)                 Turns: 5656, Time: 00:30:00

Health: -4/67      AC: 21    Str: 21      XL:     8   Next: 48%
Magic:  16/16      EV:  9    Int:  3      God:    Kikubaaqudgha [*.....]
Gold:   159        SH:  0    Dex:  6 (9)  Spells: 0 memorised, 7 levels left

rFire  . . .     SeeInvis .     R - +1 whip (freeze)
rCold  + . .     Clarity  .     Y - +10 chain mail "Bacuzet" {rN+ MP+9}
rNeg   + + +     SustAt   .     (no shield)
rPois  ∞         Gourm    +     c - +0 helmet
rElec  .         Spirit   .     (no cloak)
rCorr  .         Warding  .     (no gloves)
rMut   .         Stasis   .     (no boots)
MR     .....                    e - amulet of the gourmand
Stlth  ..........               (no ring)
                                I - ring of loudness (curse)

@: starving, rotting, slowed, very slow, not resistant to hostile enchantments,
extremely unstealthy
A: rotting body, claws 1, carnivore 3, cold resistance 1, negative energy
resistance 3, slow healing 1, torment resistance, unbreathing
a: Receive Corpses, Renounce Religion


You were on level 5 of the Dungeon.
You worshipped Kikubaaqudgha.
Kikubaaqudgha was aware of your devotion.
You were starving.

You visited 1 branch of the dungeon, and saw 5 of its levels.

You collected 264 gold pieces.
You spent 105 gold pieces at shops.

Inventory:

Hand weapons
 a - a +0 flail
 v - a +0 whip of electrocution
 x - a +0 war axe
 y - a +0 hunting sling
 H - a +1 vampiric rapier
 J - a +0 rapier
 P - a +0 blowgun
 R - a +1 whip of freezing (weapon)
 V - a +0 giant spiked club
Missiles
 d - 3 throwing nets (quivered)
 o - 22 sling bullets
 s - 2 poisoned needles
 w - 144 stones
 G - 6 javelins
 N - 8 arrows
 Z - 5 curare-tipped needles
Armour
 b - a +0 leather armour
 c - a +0 helmet (worn)
 h - a +0 scale mail
 i - a +0 chain mail
 l - a +0 leather armour
 D - a +0 ring mail
 Q - a +0 animal skin
 S - a +0 animal skin
 X - a cursed +0 animal skin
 Y - the +10 chain mail "Bacuzet" (worn) {rN+ MP+9}
   (You found it on level 5 of the Dungeon)

   It protects you from negative energy.
   It affects your magic capacity (+9).
Rods
 T - a +2 rod of ignition (10/10)
   (You found it on level 5 of the Dungeon)
Jewellery
 e - an amulet of the gourmand (around neck)
 I - a cursed ring of loudness (left claw)
Magical devices
 M - a wand of digging (12)
Scrolls
 f - 9 scrolls of identify {unknown}
 j - 3 scrolls of amnesia {unknown}
 m - 4 scrolls of remove curse {unknown}
 n - a scroll of random uselessness {unknown}
 p - a scroll of immolation {unknown}
 r - 3 scrolls of teleportation {unknown}
 t - 2 scrolls of fear {unknown}
 u - 2 scrolls of recharging {unknown}
 z - 2 scrolls of fog {unknown}
 L - a scroll of magic mapping {unknown}
Potions
 A - a potion of heal wounds
 B - 3 potions of curing {unknown}
 C - a potion of agility {unknown}
 E - a potion of berserk rage
 F - 2 potions of lignification {unknown}
 K - 3 potions of haste {unknown}
 O - a potion of flight {unknown}
Books
 q - Kikubaaqudgha's Handbook of Darkness
   (Kikubaaqudgha gifted it to you on level 5 of the Dungeon)

   Spells                             Type                      Level
   a - Animate Skeleton               Necromancy                   1
   b - Pain                           Necromancy                   1
   c - Corpse Rot                     Necromancy                   2
   d - Regeneration                   Charms/Necromancy            3
   e - Control Undead                 Necromancy                   4
Comestibles
 g - 5 bread rations
 U - 12 chunks of flesh


   Skills:
 + Level 4.8 Fighting
 + Level 4.5 Maces & Flails
 + Level 1.7 Throwing
 + Level 5.6 Armour
 + Level 5.3 Dodging
 + Level 0.2 Stealth


You had 7 spell levels left.
You didn't know any spells.

Dungeon Overview and Level Annotations

Branches:
Dungeon (5/15)
 Temple: D:4-7

Altars:
Ashenzari
Kikubaaqudgha

Shops:
D:4 %!


Innate Abilities, Weirdness & Mutations

Your body is rotting away.
You thrive on raw meat.
You are immune to poison.
You have sharp fingernails.
You are carnivorous and can eat meat at any time.
Your flesh is cold resistant.
You are immune to negative energy.
You heal slowly when monsters are visible.
You are immune to unholy pain and torment.
You can survive without breathing.


Message History

The orc wizard blinks!
The orc barely misses you.
You hit the orc but do no damage.
The orc is heavily wounded.
The orc hits you but does no damage. The sky beast closely misses you.
You barely miss the orc. The sky beast hits you.
* * * LOW HITPOINT WARNING * * *
The sky beast shocks you.
* * * LOW HITPOINT WARNING * * *
The orc hits you but does no damage. The orc closely misses you.
The sky beast hits you but does no damage.
The orc wizard closely misses you. The orc barely misses you.
The orc wizard points at you and mumbles some strange words.
The magic dart hits you!
* * * LOW HITPOINT WARNING * * *
The orc hits you but does no damage. The orc wizard casts a spell at you.
The magic dart hits you!
You die...
Kikubaaqudgha rasps: "You have failed me!
Welcome... oblivion!"

#.########....##...............
#.# #....##.........###### #.#
#....##..........# #.#
#....###########.# #.#####
#....#### ####.# #.....#
#.......## #....#######
..###.##########..####.##........
..................o..............
................@.oY.............
≈≈≈≈.≈≈.≈≈≈.≈≈≈≈≈.oK.(.≈≈≈.≈..≈≈.
≈≈≈≈≈≈≈≈≈≈≈≈≈≈≈≈≈≈≈K.(.≈≈≈≈≈≈≈≈≈≈
≈≈≈≈≈≈≈≈≈≈≈≈≈≈≈≈≈≈≈....≈≈≈≈≈≈≈≈≈≈
≈≈≈≈≈≈≈≈≈≈≈≈≈≈≈≈≈≈.))..≈≈≈≈≈≈≈≈≈≈
####################''###########
... #.(..#......)#. ....
#.(..#......)'.
.....#########.≈..#########.


You could see a sky beast, a big kobold, an orc wizard, 2 orcs and a kobold.

Vanquished Creatures
  Pikel (D:4)
  Menkaure (D:5)
  Duvessa (D:4)
  2 slaves (D:4)
  An ogre (D:5)
  A big kobold (D:5)
  Dowan (D:4)
  A giant frog skeleton (D:4)
  A centaur skeleton (D:4)
  An orc priest (D:3)
  A quasit (D:5)
  An iguana (D:5)
  2 worker ants (D:5)
  8 adders
  An ooze (D:4)
  2 worms
  5 giant geckos
  4 orcs
  2 ball pythons
  5 hobgoblins
  8 jackals
  25 kobolds
  2 quokkas
  6 bats
  2 giant cockroaches
  A giant gecko skeleton (D:5)
  A giant gecko zombie (D:5)
  4 giant newts
  4 goblins
  7 rats
102 creatures vanquished.

Vanquished Creatures (others)
  A slave (D:5)
1 creature vanquished.

Grand Total: 103 creatures vanquished

Notes
Turn   | Place    | Note
--------------------------------------------------------------
     0 | D:1      | akame the Ghoul Gladiator began the quest for the Orb.
     0 | D:1      | Reached XP level 1. HP: 17/17 MP: 0/0
   588 | D:1      | Reached XP level 2. HP: 23/25 MP: 1/1
  1026 | D:1      | Reached skill level 3 in Maces & Flails
  1221 | D:2      | Reached skill level 1 in Armour
  1276 | D:2      | Reached XP level 3. HP: 23/25 MP: 2/2
  1506 | D:2      | Found a shattered altar of Ashenzari.
  1754 | D:2      | Reached XP level 4. HP: 29/32 MP: 3/3
  2317 | D:3      | Found an ancient bone altar of Kikubaaqudgha.
  2352 | D:3      | Became a worshipper of Kikubaaqudgha
  2898 | D:4      | Found Gitomuv's Distillery.
  2933 | D:4      | Bought a potion of heal wounds for 55 gold pieces
  2991 | D:4      | Reached XP level 5. HP: 36/36 MP: 4/4
  3012 | D:4      | Found Jeurchetz's Food Boutique.
  3018 | D:4      | Bought a meat ration for 50 gold pieces
  3175 | D:4      | Noticed Duvessa
  3175 | D:4      | Noticed Dowan
  3222 | D:4      | Killed Duvessa
  3222 | D:4      | Reached skill level 4 in Dodging
  3226 | D:4      | Killed Dowan
  3226 | D:4      | Reached XP level 6. HP: 21/42 MP: 5/5
  3969 | D:5      | Entered Level 5 of the Dungeon
  3972 | D:5      | Noticed Pikel
  4250 | D:4      | Killed Pikel
  4250 | D:4      | Reached XP level 7. HP: 17/50 MP: 6/6
  4501 | D:5      | Noticed Menkaure
  4521 | D:5      | Killed Menkaure
  4521 | D:5      | Reached skill level 5 in Armour
  4521 | D:5      | Reached XP level 8. HP: 27/57 MP: 7/7
  4874 | D:5      | Reached skill level 5 in Dodging
  5227 | D:5      | Got a shimmering chain mail
  5238 | D:5      | Identified the +10 chain mail "Bacuzet" {rN+ MP+9} (You found it on level 5 of the Dungeon)
  5444 | D:5      | Acquired Kikubaaqudgha's first power
  5444 | D:5      | Received a gift from Kikubaaqudgha
  5450 | D:5      | Identified Kikubaaqudgha's Handbook of Darkness (Kikubaaqudgha gifted it to you on level 5 of the Dungeon)
  5654 | D:5      | HP: 3/67 [sky beast (5)]
  5655 | D:5      | HP: 1/67 [orc wizard/magic dart (2)]
  5656 | D:5      | Killed from afar by an orc wizard

Vault maps used:
D:1:      minmay_arrival_up_and_down
D:2:      ashenzari_altar_1
D:3:      kiku_gazebo_garden_becter, first_bread
D:4:      serial_shops, shop, shop, uniq_duvessa
D:5:      minmay_goblin_kobold_castle, uniq_pikel, uniq_prince_ribbit1,
          uniq_menkaure

Action                   |  1- 3 |  4- 6 |  7- 9 || total
-------------------------+-------+-------+-------++-------
Melee: Flail             |   147 |       |       ||   147
       Whip              |       |   148 |   256 ||   404
       Rapier            |       |    14 |       ||    14
  Use: Potion            |       |       |     2 ||     2
  Eat: Meat ration       |     1 |     1 |       ||     2
       Chunk             |       |     1 |     2 ||     3
